 Dungeon Crawl Stone Soup version 0.23-a0-890-gc183402 (console) character file.

Game seed: 7707399794764520534

69 Duffy the Conjurer (level 4, 9/30 HPs)
             Began as a Demonspawn Wizard on Jan 28, 2019.
             Quit the game on level 2 of the Dungeon.
             The game lasted 00:01:54 (2774 turns).

Duffy the Conjurer (Demonspawn Wizard)              Turns: 2774, Time: 00:01:54

Health: 9/30       AC:  3    Str:  8    XL:     4   Next: 2%
Magic:  2/8        EV: 12    Int: 20    God:
Gold:   93         SH:  6    Dex: 11    Spells: 1/9 levels left

rFire    . . .     SeeInvis .   g - +2 hand axe (chop)
rCold    . . .     Gourm    .   (no shield)
rNeg     . . .     Faith    .   a - +0 robe
rPois    .         Spirit   .   b - +0 hat
rElec    .         Reflect  .   (no cloak)
rCorr    .         Harm     .   r - +0 pair of gloves
MR       .....                  (no boots)
Stlth    ++........             (no amulet)
HPRegen  0.10/turn              (no ring)
MPRegen  0.11/turn              (no ring)

@: no status effects
A: large bone plates 2, rot immunity
a: no special abilities


You were on level 2 of the Dungeon.
You were not hungry.

You visited 1 branch of the dungeon, and saw 3 of its levels.

You collected 93 gold pieces.

Inventory:

Hand Weapons
 c - a +0 spear
 g - a +2 hand axe of chopping (weapon)
Missiles
 e - 7 silver javelins (quivered)
Armour
 a - a +0 robe (worn)
 b - a +0 hat (worn)
 r - a +0 pair of gloves (worn)
Scrolls
 i - a scroll of magic mapping {unknown}
 j - a scroll of enchant weapon {unknown}
 l - 2 scrolls of fog {unknown}
 n - a scroll of enchant armour {unknown}
 o - a scroll of noise {unknown}
 p - a scroll of teleportation {unknown}
Potions
 f - 2 potions of heal wounds {unknown}
 h - 2 potions of agility {unknown}
 k - a potion of lignification {unknown}
 m - a potion of flight {unknown}
Comestibles
 d - 3 rations


   Skills:
 - Level 1.7 Dodging
 - Level 1.7 Stealth
 - Level 3.0 Spellcasting
 + Level 3.4 Conjurations
 + Level 2.0 Summonings
 - Level 0.8 Translocations


You had one spell level left.
You knew the following spells:

 Your Spells              Type           Power        Failure   Level  Hunger
h - Magic Dart            Conj           ###.         3%          1    None
i - Call Imp              Summ           ##......     10%         2    ##.....
l - Conjure Flame         Conj/Fire      #.......     22%         3    ###....
B - Blink                 Tloc           N/A          16%         2    ##.....

Your spell library contained the following spells:

 Spells                   Type           Power        Failure   Level  Hunger
 Slow                     Hex            #.......     22%         2    ##.....
 Mephitic Cloud           Conj/Pois/Air  #.......     26%         3    ###....


Dungeon Overview and Level Annotations

Branches:
Dungeon (3/15)

Altars:
Qazlal


Innate Abilities, Weirdness & Mutations

You are mostly covered in large bone plates. (SH +6)
You are immune to rotting.


Message History

You hit the orc but do no damage.
The orc is moderately wounded.
You block the orc's attack.
There is a stone staircase leading up here.
You block the orc's attack.
You climb upwards.
There is a stone staircase leading down here.
You hit the orc but do no damage. The orc hits you with a +0 war axe.
You hit the orc.
The orc is moderately wounded.
The orc barely misses you.
You barely miss the orc.
The orc is moderately wounded.
The orc misses you.
You hit the orc.
You kill the orc!
You have reached level 4!
You feel stronger.
Your demonic ancestry asserts itself...
You feel immune to rotting.
Are you sure you want to abandon this character and quit the game? (Confirm with "yes".)

#...P## ####.#.......# #.# #.PPP#
#.#.......# #.# #..P.#
##.#.##.##.####.# ##P.P#
##....##.......#.# ########.####
##.###.#####.##.#.## .....#.###..#
#.## ##......##.#... ####.#.# ##.#
#.# #.#.......#..#
####.#.####.####)## ##)#.##.......#
.....#.#......###@###..#.##.#####.#
#.#..#.#.##.#.# ##...#....>.# #..
...).#.#.##.#.# #######.#### #.#
#...........#.#### #...# ###..
###.######..)....# #...# #....
....# #.##.##># #...# #.#..
##########.##...)# #...# #....
#.......##.####..# #...# #....
#.......##.......######...#####....


There were no monsters in sight!

Vanquished Creatures
  2 adders
  An ooze (D:1)
  A worm (D:1)
  2 dart slugs
  A leopard gecko (D:2)
  An orc (D:2)
  2 bats
  2 giant cockroaches
  10 jackals
  9 frilled lizards (D:2)
  4 kobolds
  4 rats (D:1)
39 creatures vanquished.

Notes
Turn   | Place    | Note
-------+----------+-------------------------------------------
     0 | D:1      | Duffy the Demonspawn Wizard began the quest for the Orb.
     0 | D:1      | Reached XP level 1. HP: 13/13 MP: 4/4
   261 | D:1      | Gained mutation: You are partially covered in large bone
                  | plates. (SH +4) [demonic ancestry]
   261 | D:1      | Reached XP level 2. HP: 7/19 MP: 0/6
  1109 | D:1      | Learned a level 2 spell: Call Imp
  1112 | D:1      | Learned a level 2 spell: Blink
  1942 | D:2      | Gained mutation: You are mostly covered in large bone
                  | plates. (SH +6) [demonic ancestry]
  1942 | D:2      | Reached XP level 3. HP: 24/24 MP: 4/7
  1947 | D:2      | Learned a level 3 spell: Conjure Flame
  2679 | D:3      | Found a stormy altar of Qazlal.
  2773 | D:2      | Gained mutation: You are immune to rotting. [demonic
                  | ancestry]
  2773 | D:2      | Reached XP level 4. HP: 9/30 MP: 2/8
  2774 | D:2      | Quit the game

Vault maps used:
D:1:      shiori_arrival_maze
D:2:      minmay_lizard_king
D:3:      kennysheep_ying_yang, lemuel_crystal_altar,
          nicolae_overflow_hidden_temple, uniq_sigmund, uniq_ijyb, uniq_natasha

Skill      XL: |  1  2  3 |
---------------+----------+-----
Conjurations   | 2 3 |  3.4
Summonings     | 2 |  2.0
Dodging        | |  1.7
Stealth        | |  1.7
Spellcasting   | |  3.0
Translocations | |  0.8

Action                   |  1- 3 |  4- 6 || total
-------------------------+-------+-------++-------
Melee: Hand axe          |    43 |       ||    43
 Cast: Magic Dart        |    78 |       ||    78
  Eat: Chunk             |     6 |       ||     6
Armor: Robe              |     5 |       ||     5
Dodge: Dodged            |    17 |       ||    17
Block: Other             |    10 |       ||    10

Table legend:
 A = Non-vault XP
 B = Vault XP
 C = Vault XP percentage of total XP
 D = Non-vault monster count
 E = Vault monster count
 F = Vault count percentage of total count
                 A         B        C        D         E       F
            +---------+---------+-------+---------+---------+-------
      Total |      84 |      15 |  15.2 |      27 |      12 |  30.8
            +---------+---------+-------+---------+---------+-------
        D:1 |      37 |       3 |   7.5 |      16 |       2 |  11.1
        D:2 |      28 |      12 |  30.0 |       7 |      10 |  58.8
        D:3 |      19 |       0 |   0.0 |       4 |       0 |   0.0
            +---------+---------+-------+---------+---------+-------
